 Dungeon Crawl Stone Soup version 0.26.1-2-gb8aa6d0cf2 (webtiles) character file.

Game seed: 14136259624223704495

3775 Cykl0x the Carver (level 9, -2/75 HPs)
             Began as a Minotaur Fighter on Feb 11, 2021.
             Was a Believer of the Shining One.
             Blown up by a gnoll (23 damage)
             ... with a disintegration bolt
             ... on level 5 of the Dungeon.
             The game lasted 00:11:46 (7974 turns).

Cykl0x the Carver (Minotaur Fighter)                Turns: 7974, Time: 00:11:47

Health: -2/75      AC: 16    Str: 25    XL:     9   Next: 95%
Magic:  20/20      EV:  6    Int:  5    God:    the Shining One [**....]
Gold:   364        SH: 12    Dex:  9    Spells: 8/8 levels left

rFire    + . .     SeeInvis .   a - +0 long sword
rCold    . . .     Faith    .   c - +1 kite shield
rNeg     + . .     Spirit   .   F - +0 plate armour
rPois    .         Reflect  .   (helmet restricted)
rElec    .         Harm     .   q - +0 cloak
rCorr    .         Rampage  .   k - +0 pair of gloves
Will     .....                  (no boots)
Stlth    ..........             (no amulet)
HPRegen  0.22/turn              A - ring of magical power
MPRegen  0.17/turn              z - ring of protection from fire

@: mighty, lethally poisoned (-2 -> -4), glowing
A: retaliatory headbutt, horns 2
a: Renounce Religion, Divine Shield


You were on level 5 of the Dungeon.
You worshipped the Shining One.
The Shining One was pleased with you.
You visited 2 branches of the dungeon, and saw 8 of its levels.

You collected 364 gold pieces.

Inventory:

Hand Weapons
 a - a +0 long sword (weapon)
 j - a +2 short sword of speed
Missiles
 f - 173 stones
 v - 11 boomerangs (quivered)
Armour
 b - a +0 scale mail
 c - a +1 kite shield (worn)
 i - a +0 chain mail
 k - a +0 pair of gloves (worn)
 q - a +0 cloak (worn)
 B - the +0 ring mail "Firau" {rN+}
   (You found it on level 4 of the Dungeon)

   It protects you from negative energy.
 F - a +0 plate armour (worn)
Jewellery
 h - an uncursed ring of fire
 w - an uncursed ring of ice
 z - a ring of protection from fire (right hand)
 A - a ring of magical power (left hand)
 J - the amulet "Asuwkif" {+Fly Regen+}
   (You took it off a gnoll on level 5 of the Dungeon)

   [amulet of regeneration]

   It lets you fly.
   It increases your rate of regeneration.
Wands
 p - a wand of polymorph (5)
 x - a wand of flame (9)
 C - a wand of digging (4)
 G - a wand of iceblast (11)
 I - a wand of paralysis (8)
Scrolls
 s - 5 scrolls of teleportation
 y - 3 scrolls of fog
 D - 5 scrolls of identify
 E - a scroll of amnesia
Potions
 d - a potion of might
 e - a potion of cancellation
 g - 4 potions of curing
 l - 2 potions of magic
 m - a potion of ambrosia
 n - a potion of brilliance
 o - a potion of invisibility
 r - a potion of lignification
 t - 3 potions of flight
 u - a potion of heal wounds
 H - a potion of mutation {unknown}


   Skills:
 + Level 6.1 Fighting
 + Level 9.1 Long Blades
 + Level 5.1 Throwing
 + Level 7.6 Armour
 + Level 2.1 Dodging
 - Level 0.4 Stealth
 + Level 8.5 Shields
 * Level 5.1 Invocations


You had 8 spell levels left.
You didn't know any spells.
Your spell library contained the following spells:

 Spells                   Type           Power        Failure   Level
 Corona                   Hex            0%           100%        1
 Freeze                   Ice            0%           100%        1
 Ensorcelled Hibernation  Hex/Ice        0%           100%        2
 Confusing Touch          Hex            0%           100%        3
 Dazzling Flash           Conj/Hex       0%           100%        3
 Frozen Ramparts          Ice            0%           100%        3
 Ozocubu's Armour         Ice            0%           100%        3
 Tukima's Dance           Hex            0%           100%        3
 Hailstorm                Conj/Ice       0%           100%        4
 Summon Ice Beast         Ice/Summ       0%           100%        4


Dungeon Overview and Level Annotations

Branches:
Dungeon (7/15)             Temple (1/1) D:4

Altars:
Ashenzari
Cheibriados
Dithmenos
Fedhas
Hepliaklqana
Kikubaaqudgha
Makhleb
Okawaru
Qazlal
Ru
Sif Muna
Uskayaw
Vehumet
Wu Jian
Xom
Yredelemnul
Zin
The Shining One

Annotations:
D:5 1 transporter
D:6 1 runed translucent door


Innate Abilities, Weirdness & Mutations

You reflexively headbutt those who attack you in melee.
You have a pair of horns on your head.


Message History

J - the amulet "Asuwkif" {+Fly Regen+} You now have 364 gold pieces (gained 18).
Things that are here:
a +4 spear of venom; a gnoll corpse You feel sick.
You feel sick.
You see here a +0 spear.
You feel sick.
There is an open translucent door here.
You feel sick.
You see here a +0 spear.
There is an open translucent door here.
You feel sick.
You see here a +0 spear.
You feel sick.
You feel sick.
The gnoll sergeant hits you with a +0 trident of pain.
* * * LOW HITPOINT WARNING * * *
The gnoll zaps a wand.
You are blasted!
You die...

......#......##.#.#.####...##.##.
......#........)..............##.
......#>(..≈≈≈≈≈≈≈≈≈≈≈≈≈≈≈≈≈.....
......##...≈≈≈≈≈≈≈≈≈≈≈≈≈≈≈≈≈.<##.
......##(..≈≈####.....####≈≈..###
......##...≈≈#..#8###8#..#≈≈.###.
...........≈≈##.###.###.##≈≈.# #.
......##...≈≈#g.g........#≈≈.# #.
...........≈≈###@##'##.###≈≈.####
.######....≈≈).#.#$..#.#..≈≈.....
...........≈≈.##.#$..#.##.≈≈.....
..######...≈≈.#..#[:.#).#.≈≈.....
..# #...≈≈.##.#####.##.≈≈.....
..######.......#)#8⌠8#.#..≈≈.....
..............©#.'.©)))#©.≈≈.....
#.##...........#.#)..#.#..≈≈.....
..##.......≈≈.##.##)##.##.≈≈.....


You could see a gnoll sergeant and a gnoll.

Vanquished Creatures
  Pikel (D:4)
  A troll (D:5)
  The ghost of StoneSoupSpirit the Chopper, an amateur DsCK of Xom (D:5)
  Grinder (D:6)
  Sigmund (D:3)
  Menkaure (D:4)
  Edmund (D:5)
  An ice beast (D:6)
  An ogre (D:7)
  2 phantoms
  A black bear (D:6)
  4 centaurs
  A lemure (D:4)
  3 bullfrogs (D:6)
  Blork the orc (D:4)
  A gnoll sergeant (D:5)
  A scorpion (D:4)
  7 wights (D:6)
  A quasit (D:5)
  A hound (D:4)
  A jelly (D:6)
  Crazy Yiuf (D:2)
  2 orc priests (D:3)
  2 bullfrog skeletons
  3 orc wizards
  A gnoll shaman (D:5)
  Jessica (D:2)
  Terence (D:3)
  Natasha (thrice) (D:2)
  3 iguanas
  3 worker ants
  The ghost of stripedtigrrr the Sneak, a weakling OpDe (D:6)
  2 worker ant zombies (D:5)
  7 gnolls (D:5)
  6 adders
  2 white imps (D:5)
  An ufetubus (D:5)
  An ooze (D:2)
  7 worms
  3 dart slugs
  5 leopard geckos
  10 orcs
  8 giant cockroaches
  9 goblins
  3 hobgoblins
  16 jackals
  2 quokkas
  A ball python (D:2)
  7 bats
  6 frilled lizards
  8 kobolds
  4 rats
  A spectral orc (D:3)
163 creatures vanquished.

Vanquished Creatures (others)
  10 plants
10 creatures vanquished.

Grand Total: 173 creatures vanquished

Notes
Turn   | Place    | Note
-------+----------+-------------------------------------------
     0 | D:1      | Cykl0x the Minotaur Fighter began the quest for the Orb.
     0 | D:1      | Reached XP level 1. HP: 19/19 MP: 0/0
   217 | D:1      | Reached XP level 2. HP: 27/27 MP: 1/1
   691 | D:2      | Reached XP level 3. HP: 23/33 MP: 2/2
   890 | D:2      | Noticed Jessica
   902 | D:2      | Killed Jessica
   912 | D:2      | Reached XP level 4. HP: 23/40 MP: 3/3
   938 | D:2      | Noticed Natasha
   947 | D:2      | Killed Natasha
   948 | D:2      | Reached skill level 5 in Shields
  1145 | D:2      | Reached skill level 3 in Long Blades
  1184 | D:2      | Noticed Natasha
  1192 | D:2      | Killed Natasha
  1357 | D:2      | Found a runed translucent door.
  1358 | D:2      | Noticed Crazy Yiuf
  1367 | D:2      | Killed Crazy Yiuf
  1368 | D:2      | Reached XP level 5. HP: 42/46 MP: 4/4
  1492 | D:2      | Noticed Natasha
  1503 | D:2      | Killed Natasha
  1504 | D:2      | Reached skill level 1 in Throwing
  1932 | D:3      | Reached skill level 4 in Long Blades
  2161 | D:3      | Found a faded altar of an unknown god.
  2200 | D:3      | Noticed Terence
  2213 | D:3      | Killed Terence
  2214 | D:3      | Reached XP level 6. HP: 49/52 MP: 5/5
  2326 | D:3      | Reached skill level 5 in Armour
  2660 | D:3      | Noticed Sigmund
  2940 | D:3      | Found a basalt altar of Yredelemnul.
  3037 | D:3      | Killed Sigmund
  3038 | D:3      | Reached skill level 1 in Dodging
  3038 | D:3      | Reached XP level 7. HP: 57/60 MP: 6/6
  3165 | D:4      | Noticed Blork the orc
  3182 | D:4      | Killed Blork the orc
  3184 | D:4      | Reached skill level 5 in Long Blades
  3544 | D:4      | Found a staircase to the Ecumenical Temple.
  3549 | Temple   | Entered the Ecumenical Temple
  3641 | Temple   | Became a worshipper of the Shining One
  3828 | D:4      | Found a shimmering altar of Xom.
  3859 | D:4      | Noticed Pikel
  3881 | D:4      | Killed Pikel
  3882 | D:4      | Reached skill level 6 in Long Blades
  3882 | D:4      | Reached XP level 8. HP: 39/67 MP: 6/8
  4040 | D:4      | Noticed Menkaure
  4045 | D:4      | Killed Menkaure
  4231 | D:4      | Reached skill level 5 in Fighting
  4231 | D:4      | Reached skill level 7 in Long Blades
  4240 | D:4      | Got an ichor-stained ring mail
  4250 | D:4      | Identified the +0 ring mail "Firau" {rN+} (You found it on
                  | level 4 of the Dungeon)
  4418 | D:5      | Entered Level 5 of the Dungeon
  4498 | D:5      | Noticed a troll
  4539 | D:5      | HP: 2/68 [worker ant (6)]
  4961 | D:5      | Noticed StoneSoupSpirit's ghost (amateur DsCK)
  4965 | D:5      | Identified the amulet "Asuwkif" {+Fly Regen+}
  5015 | D:5      | Found a transporter.
  5022 | D:5      | Found a transporter.
  5024 | D:5      | Reached * piety under the Shining One
  5279 | D:5      | Noticed Edmund
  5287 | D:5      | Killed Edmund
  5714 | D:5      | Reached XP level 9. HP: 68/74 MP: 10/10
  5772 | D:5      | Killed a troll
  6285 | D:6      | Found a runed translucent door.
  6285 | D:6      | Noticed stripedtigrrr's ghost (weakling OpDe)
  6432 | D:6      | Noticed Grinder
  6442 | D:6      | Paralysed by Grinder for 2 turns
  6451 | D:6      | Killed Grinder
  6452 | D:6      | Reached skill level 8 in Long Blades
  6462 | D:6      | Reached ** piety under the Shining One
  7034 | D:6      | Found a runed translucent door.
  7068 | D:6      | Killed stripedtigrrr's ghost
  7914 | D:5      | Reached skill level 5 in Throwing
  7932 | D:5      | Killed StoneSoupSpirit's ghost
  7933 | D:5      | Reached skill level 9 in Long Blades
  7933 | D:5      | Reached skill level 5 in Invocations
  7974 | D:5      | Blown up by a gnoll

Illustrated notes

Levels and vault maps discovered:
D:1:      evilmike_arrival_fibonacci_small, layout_basic
D:2:      layout_rooms, minivault_27, uniq_crazy_yiuf_cottage, uniq_natasha,
          uniq_jessica
D:3:      layout_basic, yredelemnul_forgotten_temple_becter, serial_forest,
          infiniplex_forest_clump_curved, infiniplex_forest_lined_2,
          infiniplex_forest_clump_cross, infiniplex_forest_lined_room_,
          infiniplex_forest_clump_medium,
          chequers_ecumenical_altar_simple_redux, uniq_sigmund, uniq_terence
D:4:      layout_basic, nicolae_overflow_hidden_temple, temple_doors_cd,
          uniq_menkaure, uniq_blork_the_orc, uniq_pikel
D:5:      kennysheep_big_flooded_room, layout_basic,
          gammafunk_ghost_gnarly_gnolls, uniq_edmund
D:6:      layout_layer_cave, ebering_ghost_sewer_f, uniq_grinder
D:7:      layout_basic, chequers_serial_rivers_large_b, uniq_maggie
Temple:   regret_index_temple_mists

Skill      XL: |  1  2  3  4  5  6  7  8  9 |
---------------+----------------------------+-----
Armour         | 4 5 6 7 |  7.6
Shields        | 4 5 6 7 8 |  8.5
Fighting       | 4 5 6 |  6.1
Long Blades    | 3 4 6 7 9 |  9.1
Throwing       | 2 3 4 5 |  5.1
Dodging        | 1 2 |  2.1
Invocations    | 2 3 5 |  5.1
Stealth        | |  0.4

Action                   |  1- 3 |  4- 6 |  7- 9 || total
-------------------------+-------+-------+-------++-------
Melee: Long sword        |    80 |   133 |   286 ||   499
       Headbutt          |     8 |    22 |    56 ||    86
       Unarmed           |       |     3 |       ||     3
Throw: Stone             |    25 |    45 |       ||    70
       Boomerang         |       |     2 |    79 ||    81
Invok: Divine Shield     |       |       |     1 ||     1
  Use: Scroll            |     2 |     6 |     9 ||    17
       Potion            |       |       |     3 ||     3
Armor: Chain mail        |    47 |    62 |   125 ||   234
       Scale mail        |     2 |       |       ||     2
       Skin              |       |     1 |       ||     1
       Plate armour      |       |       |    18 ||    18
Dodge: Dodged            |    16 |    25 |    78 ||   119
Block: Kite shield       |    55 |    74 |   217 ||   346
       Rpst.: Long sword |     4 |     8 |    17 ||    29
